 Dungeon Crawl Stone Soup version 0.30.1-11-g7821555f0a (webtiles) character file.

Game seed: 18080715158885005042

451 CommanderCrumbcake the Skirmisher (level 7, 0/56 HPs)
             Began as a Gnoll Hunter on Dec 22, 2023.
             Slain by an orc
             ... wielding a +0 club
              (1 damage)
             ... on level 5 of the Dungeon.
             The game lasted 00:07:21 (1790 turns).

CommanderCrumbcake the Skirmisher (Gnoll Hunter)    Turns: 1790, Time: 00:07:21

Health: 0/56       AC:  3    Str: 10    XL:     7   Next: 4%
Magic:  1/10       EV: 13    Int: 11    God:
Gold:   78         SH:  0    Dex: 15    Spells: 6/10 levels left

rFire   + . .        a - +0 shortbow
rCold   . . .        (shield currently unavailable)
rNeg    . . .        c - +0 leather armour
rPois   .            (no helmet)
rElec   .            (no cloak)
rCorr   .            (no gloves)
SInv    .            (no boots)
Will    .....        (no amulet)
Stlth   ++           f - ring of protection from fire
HPRegen 0.29/turn    (no ring)
MPRegen 0.12/turn

%: no passive effects
@: on berserk cooldown, slowed, very slow
A: fangs 1, strong nose, distributed training
a: no special abilities


You were on level 5 of the Dungeon.
You visited 1 branch of the dungeon, and saw 5 of its levels.

You collected 78 gold pieces.

Inventory:

Hand Weapons
 a - a +0 shortbow (weapon)
Armour
 c - a +0 leather armour (worn)
Magical Staves
 e - the staff of death "Kiathr Ydgheu" {rElec rC+ rN+ Will++ MP-9}
   (You found it on level 2 of the Dungeon)

   [staff of death]

   Base accuracy: +5 Base damage: 5 Base attack delay: 1.2 This weapon's minimum
   attack delay (0.6) is reached at skill level 12.
   rC:        It protects you from cold.
   rElec:     It insulates you from electricity.
   rN:        It protects you from negative energy.
   MP:        It affects your magic capacity (-9).
   Will:      It greatly increases your willpower.
   It falls into the 'Staves' category.
   It is a one-handed weapon.
Jewellery
 f - a ring of protection from fire (left hand)
Scrolls
 b - a scroll of immolation


   Skills:
 + Level 5.1 Fighting
 + Level 2.3 Short Blades
 + Level 2.3 Long Blades
 + Level 2.3 Axes
 + Level 2.3 Maces & Flails
 + Level 2.3 Polearms
 + Level 2.3 Staves
 + Level 8.9 Ranged Weapons
 + Level 2.3 Throwing
 + Level 2.3 Armour
 + Level 5.1 Dodging
 + Level 3.3 Stealth
 + Level 2.3 Shields
 + Level 2.3 Unarmed Combat
 + Level 2.3 Spellcasting
 + Level 1.9 Conjurations
 + Level 1.9 Hexes
 + Level 1.9 Summonings
 + Level 1.9 Necromancy
 + Level 1.9 Translocations
 + Level 1.9 Transmutations
 + Level 1.9 Fire Magic
 + Level 1.9 Ice Magic
 + Level 1.9 Air Magic
 + Level 1.9 Earth Magic
 + Level 1.9 Poison Magic
 + Level 2.5 Invocations
 + Level 2.3 Evocations


You had 6 spell levels left.
You knew the following spells:

 Your Spells              Type           Power      Damage    Failure   Level
a - Freeze                Ice            20%        1d4       17%         1
b - Frozen Ramparts       Ice            10%        1d2       45%         3

Your spell library contained the following spells:

 Spells                   Type           Power      Damage    Failure   Level
 Hailstorm                Conj/Ice       5%         3d4       45%         3


Dungeon Overview and Level Annotations

Branches:
Dungeon (5/15)
 Temple: D:4-7

Altars:
Xom


Innate Abilities, Weirdness & Mutations

You have very sharp teeth.
Your uncanny sense of smell can sniff out nearby items.
Your experience applies equally to all skills.


Message History

* * * LOW HITPOINT WARNING * * *
The jackal bites you but does no damage.
The jackal misses you. The orc closely misses you.
The jackal barely misses you.
You shoot an arrow. The arrow hits the jackal.
The jackal is heavily wounded.
You feel sick. The jackal closely misses you. The jackal barely misses you.
The orc hits you with a +0 club.
* * * LOW HITPOINT WARNING * * *
The jackal misses you. The jackal closely misses you.
The orc hits you with a +0 club.
* * * LOW HITPOINT WARNING * * *
You shoot an arrow. The arrow hits the jackal.
The jackal is heavily wounded.
You feel sick.
You are no longer poisoned.
The jackal bites you.
* * * LOW HITPOINT WARNING * * *
The jackal barely misses you.
The jackal bites you but does no damage.
The orc misses you. The jackal bites you.
* * * LOW HITPOINT WARNING * * *
You shoot an arrow. The arrow closely misses the jackal.
The arrow hits the scorpion but does no damage.
The jackal barely misses you. x2; The orc closely misses you.
The jackal bites you but does no damage.
The jackal barely misses you. The orc closely misses you.
You shoot an arrow. The arrow hits the jackal.
You kill the jackal!
The jackal bites you.
* * * LOW HITPOINT WARNING * * *
The jackal barely misses you. The orc hits you with a +0 club.
* * * LOW HITPOINT WARNING * * *
The scorpion stings you.
* * * LOW HITPOINT WARNING * * *
You shoot an arrow. The arrow hits the scorpion!
The scorpion is heavily wounded.
The jackal bites you but does no damage.
The scorpion misses you. The orc hits you with a +0 club.
You die...

.....# ....
.... ... ∆ # #
..# . #.### #W#
# ..... #o# ∆ #
#.##.##@# #
......hs# . #
#.......#####..
#
#.........s....
#
...............
#
...............
#
#.......#.###.#
# .....#..#.# #
# #.......#.# #


You could see a phantom, a scorpion, an orc and a jackal.

Vanquished Creatures
  A phantom (D:5)
  3 scorpions
  A jelly (D:5)
  3 hounds
  An iguana (D:4)
  A gnoll (D:3)
  A shadow imp (D:5)
  2 dart slugs
  2 bats
  3 endoplasms
  A giant cockroach (D:1)
  A goblin (D:2)
  2 hobgoblins
  9 jackals
  3 kobolds
  A quokka (D:3)
  6 ball pythons
  A frilled lizard (D:3)
  3 rats
45 creatures vanquished.

Notes
Turn   | Place    | Note
-------+----------+-------------------------------------------
     0 | D:1      | CommanderCrumbcake the Gnoll Hunter began the quest for the
                  | Orb.
     0 | D:1      | Reached XP level 1. HP: 20/20 MP: 1/1
    46 | D:1      | Reached XP level 2. HP: 26/26 MP: 2/2
    78 | D:1      | Learned a level 1 spell: Freeze
   162 | D:2      | Identified the staff of death "Kiathr Ydgheu" {rElec rC+
                  | rN+ Will++ MP-9}
   222 | D:2      | Reached XP level 3. HP: 15/31 MP: 0/3
   399 | D:3      | Reached skill level 1 in Invocations
   604 | D:3      | Reached skill level 1 in Short Blades
   604 | D:3      | Reached skill level 1 in Long Blades
   604 | D:3      | Reached skill level 1 in Axes
   604 | D:3      | Reached skill level 1 in Maces & Flails
   604 | D:3      | Reached skill level 1 in Polearms
   604 | D:3      | Reached skill level 1 in Staves
   604 | D:3      | Reached skill level 1 in Throwing
   604 | D:3      | Reached skill level 1 in Armour
   604 | D:3      | Reached skill level 1 in Shields
   604 | D:3      | Reached skill level 1 in Unarmed Combat
   604 | D:3      | Reached skill level 1 in Spellcasting
   604 | D:3      | Reached skill level 1 in Evocations
   610 | D:3      | Found a shimmering altar of Xom.
   696 | D:3      | Found Bahiwk's Weapon Emporium.
   726 | D:3      | Reached XP level 4. HP: 17/38 MP: 1/5
   866 | D:4      | Reached skill level 1 in Conjurations
   866 | D:4      | Reached skill level 1 in Hexes
   866 | D:4      | Reached skill level 1 in Summonings
   866 | D:4      | Reached skill level 1 in Necromancy
   866 | D:4      | Reached skill level 1 in Translocations
   866 | D:4      | Reached skill level 1 in Transmutations
   866 | D:4      | Reached skill level 1 in Fire Magic
   866 | D:4      | Reached skill level 1 in Ice Magic
   866 | D:4      | Reached skill level 1 in Air Magic
   866 | D:4      | Reached skill level 1 in Earth Magic
   866 | D:4      | Reached skill level 1 in Poison Magic
   870 | D:4      | Learned a level 3 spell: Frozen Ramparts
  1132 | D:4      | Noticed a scorpion
  1148 | D:4      | Killed a scorpion
  1149 | D:4      | Reached XP level 5. HP: 16/43 MP: 0/7
  1286 | D:5      | Entered Level 5 of the Dungeon
  1435 | D:5      | Reached skill level 5 in Fighting
  1435 | D:5      | Reached skill level 5 in Dodging
  1435 | D:5      | Reached XP level 6. HP: 44/51 MP: 1/9
  1785 | D:5      | Reached XP level 7. HP: 16/56 MP: 0/10
  1789 | D:5      | HP: 1/56 [scorpion (2)]
  1790 | D:5      | Slain by an orc

Illustrated notes

Levels and vault maps discovered:
D:1:      saegor_arrival_fortress, layout_basic
D:2:      minmay_chambers_of_ones, layout_basic, shapermc_ecumenical_altar_gd,
          serial_forest, infiniplex_forest_clump_double,
          infiniplex_forest_lined_room_, infiniplex_forest_lined_room_,
          infiniplex_forest_clump_long, infiniplex_forest_clump_double,
          infiniplex_forest_clump_long, infiniplex_forest_clump_long
D:3:      layout_loops_cross, xom_teletrap_fun, serial_shops,
          nicolae_shop_pleasant_corner_grove, chequers_avenue, st_stairs_6,
          uniq_terence
D:4:      layout_loops_corners, corexii_item_surrounded_by_moat
D:5:      layout_loops_cross, yredelemnul_forgotten_temple_becter, serial_shops,
          shop

Skill      XL: |  1  2  3  4  5 |
---------------+----------------+-----
Invocations    | 1 2 |  2.5
Short Blades   | 1 2 |  2.3
Long Blades    | 1 2 |  2.3
Axes           | 1 2 |  2.3
Maces & Flails | 1 2 |  2.3
Polearms       | 1 2 |  2.3
Staves         | 1 2 |  2.3
Throwing       | 1 2 |  2.3
Armour         | 1 2 |  2.3
Shields        | 1 2 |  2.3
Unarmed Combat | 1 2 |  2.3
Spellcasting   | 1 2 |  2.3
Evocations     | 1 2 |  2.3
Conjurations   | 1 |  1.9
Hexes          | 1 |  1.9
Summonings     | 1 |  1.9
Necromancy     | 1 |  1.9
Translocations | 1 |  1.9
Transmutations | 1 |  1.9
Fire Magic     | 1 |  1.9
Ice Magic      | 1 |  1.9
Air Magic      | 1 |  1.9
Earth Magic    | 1 |  1.9
Poison Magic   | 1 |  1.9
Stealth        | 3 |  3.3
Fighting       | 5 |  5.1
Dodging        | 5 |  5.1
Ranged Weapons | |  8.9

Action                     |  1- 3 |  4- 6 |  7- 9 || total
---------------------------+-------+-------+-------++-------
  Melee: Staff             |    45 |    15 |       ||    60
         Bite              |     5 |     3 |       ||     8
         Punch             |     1 |       |       ||     1
   Fire: Shortbow          |    56 |    51 |     6 ||   113
   Cast: Freeze            |     1 |    19 |       ||    20
    Use: Scroll            |     2 |     1 |       ||     3
         Potion            |     1 |     5 |       ||     6
 Armour: Leather armour    |    16 |    21 |     5 ||    42
  Dodge: Dodged            |    57 |    68 |    16 ||   141
